 Dungeon Crawl Stone Soup version 0.29.1-15-g9cfb28693d (webtiles) character file.

Game seed: 17176886924308982715

76 Anriel the Magician (level 4, -3/24 HPs)
             Began as a Deep Elf Hedge Wizard on Feb 22, 2023.
             Killed from afar by an orc wizard (7 damage)
             ... with a puff of flame
             ... on level 2 of the Dungeon.
             The game lasted 00:09:48 (1885 turns).

Anriel the Magician (Deep Elf Hedge Wizard)         Turns: 1885, Time: 00:09:48

Health: -3/24      AC:  2    Str:  7    XL:     4   Next: 12%
Magic:  8/13       EV: 16    Int: 21    God:
Gold:   95         SH:  0    Dex: 14    Spells: 7/13 levels left

rFire   . . .      SeeInvis .   k - +0 short sword (venom)
rCold   . . .      Faith    .   (no shield)
rNeg    . . .      Spirit   .   h - +0 robe
rPois   .          Reflect  .   c - +0 hat
rElec   .          Harm     .   (no cloak)
rCorr   .          Rampage  .   (no gloves)
Will    .....                   (no boots)
Stlth   +.........              (no amulet)
HPRegen 0.08/turn               j - +4 ring of evasion
MPRegen 0.13/turn               (no ring)

@: confused
A: no striking features
a: no special abilities


You were on level 2 of the Dungeon.
You visited 1 branch of the dungeon, and saw 2 of its levels.

You collected 95 gold pieces.

Inventory:

Hand Weapons
 a - a +0 dagger
 k - a +0 short sword of venom (weapon)
Missiles
 i - a throwing net
Armour
 c - a +0 hat (worn)
 h - a +0 robe (worn)
Jewellery
 j - a +4 ring of evasion (left hand)
Scrolls
 e - a scroll of enchant armour {unknown}
 g - a scroll of brand weapon {unknown}
 m - a scroll of teleportation {unknown}
Potions
 d - a potion of magic
 l - a potion of lignification {unknown}


   Skills:
 + Level 2.5 Short Blades
 - Level 2.4 Dodging
 - Level 2.4 Stealth
 - Level 5.0 Spellcasting
 + Level 2.5 Conjurations
 - Level 1.1 Summonings
 - Level 1.1 Translocations


You had 7 spell levels left.
You knew the following spells:

 Your Spells              Type           Power      Damage    Failure   Level
a - Magic Dart            Conj           60%        1d6       3%          1
b - Blink                 Tloc           18%        N/A       11%         2
c - Slow                  Hex            20%        N/A       11%         1
d - Call Imp              Summ           9%         N/A       11%         2

Your spell library contained the following spells:

 Spells                   Type           Power      Damage    Failure   Level
 Conjure Flame            Conj/Fire      10%        6-21      19%         3
 Mephitic Cloud           Conj/Pois/Air  8%         N/A       22%         3


Dungeon Overview and Level Annotations

Branches:
Dungeon (2/15)

Altars:


Message History

Something tries to affect you, but you resist.
It was a potion of curing.
You feel better.
Aiming: Magic Dart (safe; 3% risk of failure)
Press: ? - help, Q - select action, (/) - cycle Shift-Dir - straight line You miscast Magic Dart.
You are very lightly contaminated with residual magic.
Nothing appears to happen.
Aiming: Magic Dart (safe; 3% risk of failure)
Press: ? - help, Q - select action, (/) - cycle Shift-Dir - straight line The magic dart hits something.
Something hits you but does no damage.
Aiming: Magic Dart (safe; 3% risk of failure)
Press: ? - help, Q - select action, (/) - cycle Shift-Dir - straight line The magic dart hits something but does no damage.
Something hits you.
Aiming: Magic Dart (safe; 3% risk of failure)
Press: ? - help, Q - select action, (/) - cycle Shift-Dir - straight line The magic dart hits something.
You hear some strange, mumbled words.
You are confused.
Are you sure you want to stumble around while confused and next to your white imp?
Okay, then.
Something hits you. Something hits you.
You hear some strange, mumbled words.
You are more confused.
Your magical contamination has completely faded away.
What are your orders? t - Shout!
Anything else - Cancel.
Okay, then.
Something hits you.
* * * LOW HITPOINT WARNING * * *
Something hits you.
* * * LOW HITPOINT WARNING * * *
Something hits you.
* * * LOW HITPOINT WARNING * * *
You hear some strange, mumbled words.
A puff of flame appears from out of thin air!
The puff of flame hits you!
You die...

#..........#..........
#..........#...PP.....
#..........#..........
#..........#.P♣P_♣P...
#..........#.P.P.♣P.##
#.#..........#...♣♣P.##
#.#.#'#..........PP.##
#.#.#.5{...####.....#
#.#.###@.#.# ####.##
#.#.###..#.#######.#
#.#....).#.#.......#
#########.######.#.#.#######
.............oo..#.#.#
############.###.#.#.# #.#
###.#.# #<# #.#.# ###
#.#.#####


You could see a friendly white imp (summoned).

Vanquished Creatures
  A gnoll (D:2)
  2 adders (D:2)
  An orc (D:2)
  3 endoplasms (D:2)
  2 giant cockroaches (D:2)
  2 goblins (D:1)
  3 hobgoblins (D:2)
  4 kobolds (D:1)
  A quokka (D:1)
  3 bats
  A frilled lizard (D:2)
  A rat (D:1)
24 creatures vanquished.

Vanquished Creatures (collateral kills)
  2 gnolls (D:2)
2 creatures vanquished.

Vanquished Creatures (others)
  3 plants (D:2)
3 creatures vanquished.

Grand Total: 29 creatures vanquished

Notes
Turn   | Place    | Note
-------+----------+-------------------------------------------
     0 | D:1      | Anriel the Deep Elf Hedge Wizard began the quest for the
                  | Orb.
     0 | D:1      | Reached XP level 1. HP: 10/10 MP: 7/7
   249 | D:1      | Reached skill level 1 in Short Blades
   690 | D:1      | Reached XP level 2. HP: 15/15 MP: 7/9
   693 | D:1      | Learned a level 2 spell: Blink
   695 | D:1      | Learned a level 1 spell: Slow
   698 | D:1      | Learned a level 2 spell: Call Imp
   960 | D:2      | Reached skill level 5 in Spellcasting
  1430 | D:2      | Reached XP level 3. HP: 19/19 MP: 11/11
  1617 | D:2      | Reached XP level 4. HP: 19/24 MP: 8/13
  1737 | D:2      | Found a faded altar of an unknown god.
  1885 | D:2      | Killed from afar by an orc wizard

Illustrated notes

Levels and vault maps discovered:
D:1:      dpeg_arrival_triangle_fractal, layout_basic, minmay_crystal_water
D:2:      layout_basic, ebering_ecumenical_altar_petrified,
          grunt_decor_fettered, guppyfry_early_lair_pool

Skill      XL: |  1  2  3 |
---------------+----------+-----
Short Blades   | 1 2 |  2.5
Spellcasting   | 5 |  5.0
Conjurations   | 2 |  2.5
Dodging        | |  2.4
Stealth        | |  2.4
Summonings     | |  1.1
Translocations | |  1.1

Action                   |  1- 3 |  4- 6 || total
-------------------------+-------+-------++-------
Melee: Dagger            |     4 |       ||     4
       Short sword       |    16 |     6 ||    22
 Cast: Magic Dart        |    48 |    12 ||    60
       Call Imp          |     1 |     2 ||     3
       Slow              |     1 |     1 ||     2
  Use: Scroll            |     5 |       ||     5
       Potion            |       |     2 ||     2
 Stab: Sleeping          |     2 |       ||     2
Armor: Robe              |     6 |     2 ||     8
Dodge: Dodged            |    15 |     7 ||    22
